 Dungeon Crawl Stone Soup version 0.16-a0-3994-gbbee317 (webtiles) character file.

4160 Ololoev the Cleaver (level 10, -1/74 HPs)
             Began as a Hill Orc Gladiator on Feb 13, 2015.
             Was a Believer of Beogh.
             Shot with a sling bullet by Joseph (13 damage)
             ... on level 8 of the Dungeon.
             The game lasted 00:39:39 (8518 turns).

Ololoev the Cleaver (Hill Orc Gladiator)            Turns: 8518, Time: 00:39:39

Health: -1/74      AC:  0    Str: 22    XL:     10   Next: 28%
Magic:  16/16      EV: 14    Int: 10    God:    Beogh [**....]
Gold:   207        SH:  0    Dex: 11    Spells: 1 memorised, 8 levels left

rFire  . . .     SeeInvis .     o - melded +0 battleaxe
rCold  . . .     Clarity  .     w - melded +3 leather armour {rF+}
rNeg   . . .     SustAb   .     (shield currently unavailable)
rPois  .         Gourm    .     c - melded +0 helmet
rElec  .         Spirit   .     e - melded +0 cloak
rCorr  .         Warding  .     (gloves currently unavailable)
rMut   .         Stasis   .     (boots currently unavailable)
MR     .....                    (no amulet)
Stlth  +.........               u - melded ring of protection from cold
                                h - melded ring of see invisible

@: pig-form, very quick, not resistant to hostile enchantments, very unstealthy
A: (claws 0), clever 1, spit poison 2
a: Spit Poison, Smiting, Renounce Religion


You were on level 8 of the Dungeon.
You worshipped Beogh.
Beogh was pleased with you.
You were not hungry.
You were a filthy swine.
You visited 1 branch of the dungeon, and saw 8 of its levels.

You collected 446 gold pieces.
You spent 239 gold pieces at shops.

Notes
Turn   | Place    | Note
--------------------------------------------------------------
     0 | D:1      | Ololoev, the Hill Orc Gladiator, began the quest for the Orb.
     0 | D:1      | Reached XP level 1. HP: 18/18 MP: 1/1
   163 | D:1      | Reached XP level 2. HP: 25/25 MP: 2/2
   344 | D:1      | Reached skill level 1 in Armour
   581 | D:1      | Reached skill level 5 in Axes
   751 | D:2      | Reached XP level 3. HP: 27/30 MP: 3/3
  1394 | D:2      | Noticed Sigmund
  1408 | D:2      | Killed Sigmund
  1408 | D:2      | Reached skill level 6 in Axes
  1408 | D:2      | Reached XP level 4. HP: 17/37 MP: 4/4
  1408 | D:2      | Reached XP level 5. HP: 19/42 MP: 5/5
  2505 | D:3      | Reached skill level 7 in Axes
  2832 | D:3      | Reached XP level 6. HP: 46/50 MP: 6/6
  3384 | D:4      | Noticed Uberwunderbarhen's ghost (average DECj)
  3393 | D:4      | Killed Uberwunderbarhen's ghost
  3393 | D:4      | Reached skill level 8 in Axes
  3393 | D:4      | Reached XP level 7. HP: 54/56 MP: 7/7
  3668 | D:4      | Noticed Blork the orc
  3678 | D:4      | Killed Blork the orc
  3691 | D:4      | Found a staircase to the Ecumenical Temple.
  3808 | D:4      | Noticed a moth of wrath
  3811 | D:4      | Found a bloodstained altar of Trog.
  3843 | D:4      | Reached skill level 9 in Axes
  4236 | D:4      | Reached skill level 5 in Armour
  4349 | D:4      | Became a worshipper of Beogh the Brigand
  4425 | D:5      | Entered Level 5 of the Dungeon
  4627 | D:5      | Reached skill level 10 in Axes
  4627 | D:5      | Reached XP level 8. HP: 62/62 MP: 8/8
  4891 | D:5      | Found Rorietic's Magic Scroll Emporium.
  4895 | D:5      | Bought a scroll of enchant armour for 112 gold pieces
  4895 | D:5      | Bought a scroll of immolation for 52 gold pieces
  4895 | D:5      | Bought a scroll of teleportation for 45 gold pieces
  4895 | D:5      | Bought a scroll of identify for 30 gold pieces
  4906 | D:5      | Found Loxzifim's Elemental Accessories.
  5265 | D:5      | Reached skill level 11 in Axes
  5539 | D:6      | Found a shimmering altar of Xom.
  5653 | D:6      | Learned a level 1 spell: Animate Skeleton
  5769 | D:6      | Reached skill level 12 in Axes
  5769 | D:6      | Reached XP level 9. HP: 50/68 MP: 9/9
  5972 | D:6      | Acquired Beogh's first power
  6017 | D:6      | Got a warped dagger
  6316 | D:6      | Found a burning altar of Makhleb.
  6501 | D:6      | Reached skill level 13 in Axes
  6513 | D:6      | Gained mutation: Your mind is acute. (Int +2) [mutagenic meat]
  6514 | D:6      | Gained mutation: You can spit poison. [mutagenic meat]
  6970 | D:7      | Found Phail's Jewellery Boutique.
  7182 | D:7      | Reached skill level 1 in Evocations
  7461 | D:7      | Acquired Beogh's second power
  7522 | D:8      | Gained mutation: You have sharp fingernails. [mutagenic meat]
  7523 | D:8      | Gained mutation: You can spit moderately strong poison. [mutagenic meat]
  8004 | D:8      | Reached skill level 14 in Axes
  8079 | D:8      | Noticed Eustachio
  8079 | D:8      | Noticed Erolcha
  8084 | D:8      | Killed Eustachio
  8084 | D:8      | Reached XP level 10. HP: 59/74 MP: 15/15
  8085 | D:8      | Killed Erolcha
  8472 | D:8      | HP: 2/74 [orc warrior/trident (19)]
  8478 | D:8      | HP: 3/74 [orc warrior/trident (15)]
  8515 | D:8      | Noticed Joseph
  8518 | D:8      | Shot with a sling bullet by Joseph

Inventory:

Hand weapons
 o - a +0 battleaxe (melded)
 y - the +8 dagger "Mefaplah" {flame, Dex+2, unknown}
   (You found it on level 6 of the Dungeon)

   It has been specially enchanted to burn those struck by it, causing extra
   injury to most foes and up to half again as much damage against particularly
   susceptible opponents.
   It affects your dexterity (+2).
Missiles
 d - a throwing net (quivered)
Armour
 c - a +0 helmet (melded)
 e - a +0 cloak (melded)
 w - a +3 leather armour of fire resistance (melded)
Jewellery
 h - a ring of see invisible (melded)
 n - an uncursed ring of positive energy
 u - a ring of protection from cold (melded)
 z - a +3 ring of dexterity
Magical devices
 m - a wand of teleportation (3)
 t - a wand of fireball (2)
 B - a wand of magic darts (32)
Scrolls
 a - a scroll of holy word
 l - 8 scrolls of remove curse
 p - 3 scrolls of teleportation
 q - a scroll of magic mapping
 r - a scroll of recharging
 s - a scroll of immolation
 x - 3 scrolls of enchant armour
Potions
 j - a potion of poison {unknown}
Comestibles
 b - 3 chunks of flesh
 f - 5 meat rations
 g - 4 beef jerkies
 i - 7 bread rations

Table legend:
 A = Turns spent in this place as a percentage of turns spent in the entire game.
 B = Non-inter-level travel turns spent in this place as a percentage of non-inter-level travel turns spent in the entire game.
 C = Inter-level travel turns spent in this place as a percentage of turns spent in this place.
 D = Turns resting spent in this place as a percentage of non-inter-level travel turns spent in this place.
 E = Turns spent auto-exploring this place as a percentage of non-inter-level travel turns spent in this place.
 F = Non-inter-level travel turns spent in this place divided by the number of levels of this place that you've seen.
                   A       B       C       D       E      F
               +-------+-------+-------+-------+-------+----------------------
         Total | 100.0 | 100.0 |   0.8 |   4.5 |   9.4 | 345.6
       Dungeon | 100.0 | 100.0 |   0.8 |   4.5 |   9.4 | 345.6
               +-------+-------+-------+-------+-------+----------------------


   Skills:
 - Level 2.4 Fighting
 * Level 14.6 Axes
 - Level 2.0 Throwing
 + Level 8.8 Armour
 - Level 2.4 Dodging
 + Level 4.0 Evocations


You had 8 spell levels left.
You knew the following spells:

 Your Spells              Type           Power        Failure   Level  Hunger
a - Animate Skeleton      Necr           N/A          38%         1    ##.....


Dungeon Overview and Level Annotations

Branches:
Dungeon (8/15)             Temple (0/1) D:4
   Lair: D:8-11

Altars:
Makhleb
Trog
Xom

Shops:
D:5 *?   D:7 =

Annotations:
D:8 Joseph


Innate Abilities, Weirdness & Mutations

((You have sharp fingernails.))
Your mind is acute. (Int +2)
You can spit moderately strong poison.


Message History

You feel better. The orc hits you with a flail!
The orc warrior hits you with a trident!
You slice the orc warrior!!
You kill the orc warrior!
Beogh accepts your kill.
You slash the orc!
You kill the orc!
Beogh accepts your kill.
You can now smite your foes.
Use which ability? (? or * to list)
Press: ? - help, Shift-Dir - straight line, f - orc
Aim: an orc, wielding a hand axe and wearing a leather armour The splash of poison misses the orc.
You feel slightly more hungry.
Things that are here:
a trident; a plate armour; an orc corpse You see here an arrow.
You have got your breath back.
There is an escape hatch in the ceiling here.
A mysterious force pulls you upwards. The hatch slams shut behind you.
There is a stone staircase leading down here.
You swap places.
There is a stone staircase leading down here.
You climb downwards.
There is a stone staircase leading up here.
Joseph, a Mercenary comes into view.
He is wielding a quarterstaff.
Joseph shouts!
You hear a shout!
Joseph tries to grin evilly.
Joseph zaps a wand.
You turn into a filthy swine.
Your +0 battleaxe melds into your body.
Your +0 cloak melds into your body.
Your +0 helmet melds into your body.
Your +3 leather armour of fire resistance melds into your body.
Your ring of see invisible melds into your body.
Your ring of protection from cold melds into your body.
You feel less resistant to fire.
It is a wand of polymorph.
A hobgoblin comes into view. It is wielding a club.
Joseph zaps a wand.
You easily resist.
Joseph says, "It's nothing personal, but I have to kill you."
Joseph unwields an uncursed quarterstaff.
Joseph wields a hunting sling.
Joseph shoots a sling bullet.
The sling bullet hits you!
You die...

...#####
.......#
.#.#######..
....#
...........
#..#
....#######
#..#####..
..#.#
#..@......g
###.# #.#
#.# #.# #.#
#.# #
##.#######
##h#####.#
##........#
#...<....#
....#####.#
#.....####
###.# #.#
#.###)# #.#
#.# #.# #.#
#.#
#.#####.#
#.# #.#
#.......#
#.# #.#
#########
#.# #.# #.#


You could see Joseph.

Table legend:
 A = Kills in this place as a percentage of kills in entire the game.
 B = Kills by you in this place as a percentage of kills by you in the entire game.
 C = Kills by friends in this place as a percentage of kills by friends in the entire game.
 D = Other kills in this place as a percentage of other kills in the entire game.
 E = Experience gained in this place as a percentage of experience gained in the entire game.
 F = Experience gained in this place divided by the number of levels of this place that you have seen.
                   A       B       C       D       E      F
               +-------+-------+-------+-------+-------+----------------------
         Total | 100.0 | 100.0 | 100.0 |  -nan | 100.0 | 743.0
       Dungeon | 100.0 | 100.0 | 100.0 |  -nan | 100.0 | 743.0
               +-------+-------+-------+-------+-------+----------------------

Vanquished Creatures
  Erolcha (D:8)
  The ghost of Uberwunderbarhen the Conjurer, an average DECj of Vehumet (D:4)
  A wyvern (D:8)
  Eustachio (D:8)
  A hippogriff (D:7)
  3 ice beasts
  5 ogres
  A phantom (D:6)
  A necrophage (D:8)
  5 sky beasts
  An orc warrior (D:8)
  4 centaurs
  Sigmund (D:2)
  Blork the orc (D:4)
  2 giant frogs
  2 scorpions
  A goliath beetle (D:7)
  An iguana (D:6)
  3 orc priests (D:6)
  2 hounds
  A giant frog skeleton (D:4)
  3 orc wizards
  7 worker ants
  7 adders
  6 gnolls (D:5)
  A giant mite (D:5)
  10 worms
  2 adder skeletons
  6 giant geckos
  3 oozes
  11 orcs
  11 bats
  A bat skeleton (D:4)
  7 giant cockroaches
  17 hobgoblins
  12 jackals
  16 kobolds
  3 quokkas
  A ball python (D:1)
  8 giant newts
  15 goblins
  A quokka zombie (D:6)
  19 rats
206 creatures vanquished.

Vanquished Creatures (collateral kills)
  An ice beast (D:6)
  An orc warrior (D:6)
  A scorpion (D:6)
  A goblin (D:7)
4 creatures vanquished.

Vanquished Creatures (others)
  A centaur (D:6)
  An iguana skeleton (D:6)
  An orc (D:4)
  2 bat skeletons
5 creatures vanquished.

Grand Total: 215 creatures vanquished

Action                   |  1- 3 |  4- 6 |  7- 9 | 10-12 || total
-------------------------+-------+-------+-------+-------++-------
Melee: War axe           |    96 |   186 |   337 |       ||   619
       Battleaxe         |       |       |    78 |    20 ||    98
Throw: Throwing net      |     1 |       |     1 |       ||     2
 Cast: Animate Skeleton  |       |       |     8 |       ||     8
Invok: Convert to Beogh  |       |       |     1 |       ||     1
       Smiting           |       |       |     2 |       ||     2
 Abil: Spit Poison       |       |       |    11 |     8 ||    19
Evoke: Wand              |       |       |    17 |       ||    17
  Use: Scroll            |     1 |     7 |     8 |       ||    16
       Potion            |       |     4 |     3 |     3 ||    10
 Stab: Held in net/web   |     1 |       |       |       ||     1
       Distracted        |       |       |     2 |       ||     2
  Eat: Chunk             |     2 |     6 |    22 |     2 ||    32

Vault maps used:
D:1:      lightli_iron_boxes
D:2:      minivault_14, uniq_sigmund
D:3:      minmay_misc_feat_secret_circle
D:4:      tgw_trog, minmay_temple_entry_overgrown, first_bread,
          uniq_blork_the_orc
D:5:      serial_shops, kennysheep_mini_moat, minmay_curled_crystal,
          nicolae_elemental_shop
D:6:      lemuel_round_altar, xom_confusion_cloud
D:7:      serial_shops, shop
D:8:      uniq_prince_ribbit1, uniq_eustachio, uniq_joseph, uniq_erolcha
